 Dungeon Crawl Stone Soup version 0.30-b1-2-g02819fbbbe (webtiles) character file.

Game seed: 877678880382480203

4082 JamesMyths the Fighter (level 10, 0/80 HPs)
             Began as a Demonspawn Berserker on May 12, 2023.
             Was an Elder of Trog.
             Slain by Harold
             ... wielding a +3 scimitar of holy wrath
              (16 damage)
             ... on level 9 of the Dungeon.
             The game lasted 00:16:03 (5731 turns).

JamesMyths the Fighter (Demonspawn Berserker)       Turns: 5731, Time: 00:16:04

Health: 0/80       AC: 21    Str: 21      XL:     10   Next: 5%
Magic:  10/10      EV:  8    Int:  8      God:    Trog [****..]
Gold:   462        SH:  0    Dex: 13 (14) Spells: 9/9 levels left

rFire   . . .        n - +5 scythe "Finisher" {speed, execute}
rCold   + . .        (shield currently unavailable)
rNeg    + . .        p - +1 plate armour
rPois   .            h - +2 helmet
rElec   .            s - +0 cloak
rCorr   .            m - +0 pair of gloves
SInv    .            r - +0 pair of boots "Vazishex" {rC+ rN+ Regen+}
Will    .....        (no amulet) Stlth
                     (no ring)
HPRegen 1.13/turn    (no ring)
MPRegen 0.12/turn

%: no passive effects
@: no status effects
A: hooves 2, powered by death 3
a: Renounce Religion, Berserk, Trog's Hand, Brothers in Arms


You were on level 9 of the Dungeon.
You worshipped Trog.
Trog was greatly pleased with you.
You visited 1 branch of the dungeon, and saw 9 of its levels.

You collected 462 gold pieces.

Inventory:

Hand Weapons
 a - a +1 hand axe
 n - the +5 scythe "Finisher" (weapon) {speed, execute}
   (You found it on level 2 of the Dungeon)
Missiles
 y - 2 throwing nets
Armour
 b - a +0 animal skin
 c - a +0 ring mail
 h - a +2 helmet (worn)
 m - a +0 pair of gloves (worn)
 p - a +1 plate armour (worn)
 r - the +0 pair of boots "Vazishex" (worn) {rC+ rN+ Regen+}
   (You found it on level 2 of the Dungeon)

   rC:        It protects you from cold.
   rN:        It protects you from negative energy.
   Regen:     It increases your rate of health regeneration.
 s - a +0 cloak (worn)
 w - a +0 helmet
Wands
 j - a wand of digging (5)
 l - a wand of mindburst (8)
 u - a wand of acid (28)
 A - a wand of flame (23)
 F - a wand of paralysis (13)
Scrolls
 d - 2 scrolls of amnesia
 k - 2 scrolls of enchant weapon
 q - a scroll of magic mapping
 x - 2 scrolls of teleportation
 C - a scroll of fear
Potions
 e - a potion of magic
 f - 4 potions of lignification
 i - 6 potions of curing
 o - 3 potions of haste
 v - a potion of resistance
 B - a potion of flight
 E - a potion of berserk rage
 G - a potion of ambrosia {unknown}
Miscellaneous
 g - a piece from Xom's chessboard (15/15) (quivered)


   Skills:
 + Level 8.0 Fighting
 - Level 3.1(5.1) Axes
 + Level 6.3(6.6) Polearms
 + Level 6.9 Armour
 + Level 6.8 Dodging


You had 9 spell levels left.
You didn't know any spells.
Your spell library was empty.

Dungeon Overview and Level Annotations

Branches:
Dungeon (9/15)             Temple (0/1) D:4
   Lair: D:8-11         Orc: D:9-12

Altars:
Cheibriados
Dithmenos
Gozag
Hepliaklqana
Kikubaaqudgha
Nemelex Xobeh
Okawaru
Ru
Sif Muna
Trog
Uskayaw
Xom
Yredelemnul

Shops:
D:9 :

Annotations:
D:9 Harold


Innate Abilities, Weirdness & Mutations

You have hoof-like feet.
You regenerate a lot of health from kills.


Message History

The orc warrior barely misses you.
You miss the orc warrior.
The orc warrior is moderately wounded.
The orc warrior hits you but does no damage.
You impale the orc warrior!!
You blow up the orc warrior!
Trog accepts your kill.
Your Fighting skill increases to level 8!
Things that are here:
a +0 hand axe; a +0 leather armour
There is a bloodstained altar of Trog here.
You offer a prayer to Trog.
Things that are here:
a +0 hand axe; a +0 leather armour
There is an open door here.
You hear the creaking of a very distant portcullis.
Found a stone staircase leading down.
You open the door.
There is an open door here.
You see here a staff of fire.
There is an open door here.
There is a stone staircase leading down here.
Harold the Weathered comes into view.
He is wielding a +3 scimitar of holy wrath and wearing a +2 scale mail of cold resistance.
Harold shouts!
Harold considers, "I think I'll use your bounty to get a cattle farm..."
Harold hits you with a +3 scimitar of holy wrath!!
You convulse!!
You hit Harold.
Harold is lightly wounded.
Harold hits you with a +3 scimitar of holy wrath.
You convulse.
You hit Harold.
Harold is lightly wounded.
Harold hits you with a +3 scimitar of holy wrath!
You convulse!
* * * LOW HITPOINT WARNING * * *
You puncture Harold!
Harold is moderately wounded.
Harold hits you with a +3 scimitar of holy wrath!
You die...

#...#......#..#..#
..#...#......#..#...
...................>
##...............
#...####..###..#
#######.#.#
+........
#.........#
####...##
#..##..#### #.#.#.
#@.# #.#.#. #@.# #
..## #.... #######
#...## #.....# .....
#.....# ......
#.....# .#.....
#..##.# .. ..#..#
######.# #....>..


You could see Harold.

Vanquished Creatures
  A kobold demonologist (D:9)
  2 hornets (D:8)
  2 wyverns
  3 yaks (D:9)
  2 shadows (D:7)
  2 orc warriors
  A sky beast (D:7)
  2 ice beasts
  A centaur (D:8)
  A phantom (D:5)
  2 kobold brigands (D:8)
  Blork the orc (D:5)
  2 bullfrogs
  4 scorpions
  3 wights (D:6)
  4 killer bees (D:8)
  An electric eel (D:6)
  2 jellies
  An orc priest (D:8)
  2 hounds
  A gnoll bouda (D:8)
  2 sleepcaps
  2 iguanas (D:6)
  A scorpion zombie (D:3)
  4 orc wizards
  A hound zombie (D:3)
  8 adders
  9 gnolls
  2 white imps
  An ufetubus (D:5)
  An adder zombie (D:3)
  3 worms (D:2)
  3 dart slugs
  40 orcs
  11 ball pythons
  5 endoplasms
  A giant cockroach (D:2)
  9 goblins
  8 hobgoblins
  11 kobolds
  5 quokkas
  6 bats
  4 frilled lizards
  9 rats
186 creatures vanquished.

Vanquished Creatures (collateral kills)
  2 killer bees (D:8)
2 creatures vanquished.

Grand Total: 188 creatures vanquished

Notes
Turn   | Place    | Note
-------+----------+-------------------------------------------
     0 | D:1      | JamesMyths the Demonspawn Berserker began the quest for the
                  | Orb.
     0 | D:1      | Reached XP level 1. HP: 18/18 MP: 1/1
   236 | D:1      | Gained mutation: You regenerate a little health from kills.
                  | [demonic ancestry]
   236 | D:1      | Reached XP level 2. HP: 24/24 MP: 2/2
   941 | D:2      | Gained mutation: You have large cloven feet. [demonic
                  | ancestry]
   941 | D:2      | Reached XP level 3. HP: 29/29 MP: 3/3
  1006 | D:2      | Identified the +0 pair of boots "Vazishex" {rC+ rN+ Regen+}
  1051 | D:2      | Found an iron altar of Okawaru.
  1131 | D:2      | Found the +5 scythe "Finisher" {speed, execute}
  1649 | D:2      | Reached ** piety under Trog
  1951 | D:3      | Reached XP level 4. HP: 35/35 MP: 4/4
  2058 | D:3      | Reached skill level 1 in Polearms
  2100 | D:3      | Found an opulent altar of Gozag.
  2100 | D:3      | Found a snail-covered altar of Cheibriados.
  2100 | D:3      | Found a hazy altar of Hepliaklqana.
  2106 | D:3      | Found a hide-covered altar of Uskayaw.
  2106 | D:3      | Found a sacrificial altar of Ru.
  2161 | D:3      | Gained mutation: You have hoof-like feet. [demonic
                  | ancestry]
  2161 | D:3      | Reached XP level 5. HP: 42/42 MP: 5/5
  2280 | D:3      | Found a basalt altar of Yredelemnul.
  2500 | D:3      | Found an ancient bone altar of Kikubaaqudgha.
  2748 | D:4      | Reached skill level 4 in Fighting
  2927 | D:4      | Found a staircase to the Ecumenical Temple.
  2953 | D:4      | Found a shimmering altar of Xom.
  2981 | D:4      | Gained mutation: You regenerate health from kills. [demonic
                  | ancestry]
  2981 | D:4      | Reached XP level 6. HP: 48/49 MP: 6/6
  3017 | D:4      | Reached *** piety under Trog
  3208 | D:5      | Entered Level 5 of the Dungeon
  3398 | D:5      | Noticed Blork the orc
  3408 | D:5      | Killed Blork the orc
  3409 | D:5      | Reached XP level 7. HP: 37/55 MP: 7/7
  3608 | D:5      | Found a shimmering blue altar of Sif Muna.
  3717 | D:6      | Reached skill level 5 in Fighting
  3730 | D:6      | Found a shadowy altar of Dithmenos.
  3889 | D:6      | Reached XP level 8. HP: 63/63 MP: 8/8
  4433 | D:7      | Reached skill level 6 in Fighting
  4439 | D:7      | Reached skill level 5 in Armour
  4439 | D:7      | Reached skill level 5 in Dodging
  4457 | D:7      | Reached **** piety under Trog
  4540 | D:7      | You fall into a shaft and drop 1 floor!
  4595 | D:7      | Reached XP level 9. HP: 48/71 MP: 9/9
  4675 | D:7      | Reached skill level 5 in Polearms
  4756 | D:7      | Found a sparkling altar of Nemelex Xobeh.
  4886 | D:8      | Paralysed by a hornet for 3 turns
  4887 | D:8      | Reached skill level 7 in Fighting
  4901 | D:8      | Identified the +0 whip of Disembowelment {spect, Will++
                  | Dex-4}
  5526 | D:9      | Noticed a kobold demonologist
  5535 | D:9      | Killed a kobold demonologist
  5536 | D:9      | Gained mutation: You regenerate a lot of health from kills.
                  | [demonic ancestry]
  5536 | D:9      | Reached XP level 10. HP: 78/80 MP: 10/10
  5595 | D:9      | Found Usix's Book Shoppe.
  5632 | D:9      | Found a bloodstained altar of Trog.
  5632 | D:9      | Found an iron altar of Okawaru.
  5644 | D:9      | Reached skill level 8 in Fighting
  5725 | D:9      | Noticed Harold
  5731 | D:9      | Slain by Harold

Illustrated notes

Levels and vault maps discovered:
D:1:      spicycebolla_green_bress_n_ham, layout_loops_corners
D:2:      layout_basic, basic_altar
D:3:      layout_loops_ring, mainiacjoe_overflow_alcove_4,
          nicolae_yredelemnul_corpse_copse, minmay_overflow_temple_hex,
          st_stairs_11
D:4:      layout_basic, lemuel_coloured_pillars_altar, xom_butterflies,
          minmay_temple_entry_statues_fountains
D:5:      layout_rooms, led_sif_book, uniq_blork_the_orc
D:6:      nicolae_cairo_tiling, layout_rooms, lemuel_tele_altar,
          water_maze_lemuel
D:7:      layout_rooms, marbit_many_paths
D:8:      layout_rooms
D:9:      layout_stronghold, grunt_temple_overflow_bloody_war,
          nicolae_qazlal_eye_of_the_storm, enter_bailey_4, serial_shops,
          nicolae_square_shop, uniq_harold

Skill      XL: |  1  2  3  4  5  6  7  8  9 10 |
---------------+-------------------------------+-----
Armour         | 2 3 4 5 6 |  6.9
Dodging        | 2 3 4 5 6 |  6.8
Axes           | 3 |  3.1
Polearms       | 1 2 3 4 6 |  6.3
Fighting       | 4 5 6 7 8 |  8.0

Action                     |  1- 3 |  4- 6 |  7- 9 | 10-12 || total
---------------------------+-------+-------+-------+-------++-------
  Melee: Hand axe          |    68 |       |       |       ||    68
         Scythe            |    39 |   138 |   264 |    11 ||   452
         Kick              |     9 |       |       |       ||     9
 Invoke: Berserk           |       |     1 |     5 |       ||     6
         Trog's Hand       |       |       |     1 |       ||     1
         Brothers in Arms  |       |       |     1 |       ||     1
    Use: Scroll            |       |    10 |     6 |       ||    16
         Potion            |       |     5 |     2 |       ||     7
 Armour: Ring mail         |    18 |       |       |       ||    18
         Animal skin       |     2 |       |       |       ||     2
         Plate armour      |    26 |   125 |   325 |     5 ||   481
  Dodge: Dodged            |    54 |    50 |   160 |     2 ||   266
